 Dungeon Crawl Stone Soup version 0.14-a0-2017-g4a4604d (webtiles) character file.

6990 Kae the Covert (level 10, -4/44 HPs)
             Began as a Spriggan Enchanter on Jan 18, 2014.
             Was an Elder of Dithmengos.
             Slain by a komodo dragon (20 damage)
             ... on Level 1 of the Lair of Beasts.
             The game lasted 00:23:11 (10835 turns).

Kae the Covert (Spriggan Enchanter)                Turns: 10835, Time: 00:23:11

HP  -4/44        AC  4     Str 10      XL: 10   Next: 63%
MP  10/30        EV 18     Int 18      God: Dithmengos [****..]
Gold 698         SH  0     Dex 16      Spells:  5 memorised, 11 levels left

rFire  . . .     SeeInvis +     a - +2 dagger (curse)
rCold  . . .     Clarity  .     b - +1 robe (curse)
rNeg   . . .     Conserve .     (shield restricted)
rPois  .         rCorr    .     (helmet restricted)
rElec  .         rRot     .     D - +0 cloak (curse)
SustAb . .       Spirit   .     (gloves unavailable)
rMut   .         Warding  .     (boots unavailable)
Saprov . . .     Stasis   .     (no amulet)
MR     +....                    B - cursed +3 ring of strength
                                (no ring)

@: burdened, non-regenerating, badly diseased, very slightly contaminated,
wreathed by umbra, very quick, somewhat resistant to hostile enchantments,
extraordinarily stealthy
A: unfitting armour, see invisible, herbivore 3, speed 3, slow metabolism 2
a: Shadow Step, Renounce Religion


You were on level 1 of the Lair of Beasts.
You worshipped Dithmengos.
Dithmengos was greatly pleased with you.
You were encumbered.
You were not hungry.

You visited 3 branches of the dungeon, and saw 12 of its levels.
You also visited: Ossuary.

You collected 764 gold pieces.
You spent 66 gold pieces at shops.

Inventory:

Hand weapons
 a - a cursed +2,+2 dagger (weapon)
Missiles
 d - 12 darts (quivered)
 e - 3 tomahawks of returning
 n - 12 tomahawks
Armour
 b - a cursed +1 robe (worn)
 D - a cursed +0 cloak (worn)
 L - a +1 cloak
Magical devices
 p - a wand of digging (17)
Comestibles
 m - 6 bread rations
 C - an apple
Scrolls
 f - 9 scrolls of identify
 g - 2 scrolls of fog
 i - 5 scrolls of enchant weapon I
 k - 4 scrolls of remove curse
 o - a scroll of amnesia
 r - 2 scrolls of magic mapping
 t - 2 scrolls of recharging
 u - 3 scrolls of teleportation
 v - a scroll of fear
 y - 2 scrolls of blinking
 z - 2 scrolls of noise
 A - 2 scrolls of random uselessness {unknown}
 H - 2 scrolls of enchant weapon II
 N - a scroll of curse weapon {unknown}
Jewellery
 B - a cursed +3 ring of strength (right hand)
Potions
 h - 6 potions of heal wounds
 j - 2 potions of resistance
 l - 2 potions of speed
 q - 4 potions of berserk rage
 w - a potion of restore abilities
 x - 9 potions of curing
 F - 3 potions of agility
 G - 2 potions of mutation
 I - 3 potions of brilliance
 M - a potion of poison {unknown}
 P - a potion of degeneration {unknown}
Books
 c - a book of Maledictions

   Spells                             Type                      Level
   *Corona                            Hexes                        1
   Sure Blade                         Hexes/Charms                 2
   *Ensorcelled Hibernation           Hexes/Ice                    2
   *Confuse                           Hexes                        3
   Enslavement                        Hexes                        4
   *Invisibility                      Hexes                        6
 s - a book of Dreams

   Spells                             Type                      Level
   *Ensorcelled Hibernation           Hexes/Ice                    2
   *Flight                            Charms/Air                   3
   Phase Shift                        Translocation                5
   Shadow Creatures                   Summoning                    5
   Mass Confusion                     Hexes                        6
   Darkness                           Hexes                        7
 E - the Reference Book on Enchantment
   (You found it on level 8 of the Dungeon)

   Spells                             Type                      Level
   Spectral Weapon                    Hexes/Charms                 3
   Fulminant Prism                    Conjuration/Hexes            5
   *Invisibility                      Hexes                        6


   Skills:
 * Level 10.1 Short Blades
 - Level 1.1 Throwing
 - Level 3.0 Dodging
 * Level 13.9 Stealth
 + Level 8.5 Spellcasting
 + Level 9.1 Hexes


You had 11 spell levels left.
You knew the following spells:

 Your Spells              Type           Power        Failure   Level  Hunger
a - Corona                Hex            #####..      1%          1    None
b - Ensorcelled Hibernat  Hex/Ice        ###...       1%          2    None
c - Confuse               Hex            #####...     1%          3    #......
d - Invisibility          Hex            #####...     38%         6    ######.
e - Flight                Chrm/Air       #.........   30%         3    #......


Dungeon Overview and Level Annotations

Branches:
Dungeon (10/16)            Temple (1/1) D:6            Lair (1/8) D:10
    Orc: D:9-12

Altars:
Ashenzari
Cheibriados
Dithmengos
Elyvilon
Fedhas
Kikubaaqudgha
Makhleb
Nemelex Xobeh
Okawaru
Sif Muna
Trog
Vehumet
Xom
Zin
the Shining One

Shops:
D:4 (?   D:7 [

Annotations:
D:2 exclusion: oklob plant
D:6 Grinder
D:8 exclusions: ice statue and silver statue


Innate Abilities, Weirdness & Mutations

You are tiny and cannot use many weapons and most armour.
You have supernaturally acute eyesight.
You are a herbivore.
You cover ground extremely quickly.
You need consume almost no food.


Message History

You kill the giant frog!
Dithmengos accepts your kill.
The komodo dragon completely misses you.
Casting: Ensorcelled Hibernation
Confirm with . or Enter, or press ? or * to list all spells.
Aiming: Ensorcelled Hibernation
Press: ? - help, Shift-Dir - straight line, f - water moccasin
Aim: a water moccasin (umbra)
The water moccasin looks drowsy...
The komodo dragon bites you.
You feel ill.
The helpless water moccasin fails to defend itself.
You skewer the water moccasin like a kebab!!!!
You kill the water moccasin!
Dithmengos accepts your kill.
Casting: Ensorcelled Hibernation
Confirm with . or Enter, or press ? or * to list all spells.
Aiming: Ensorcelled Hibernation
Press: ? - help, Shift-Dir - straight line, f - komodo dragon
Aim: a komodo dragon (umbra)
The komodo dragon resists.
The komodo dragon bites you!
You die...

#########
#.........
#.........
#.:.......
#..%......#
#.@%......#
#..l......#
#.........
#..)......
#.........
#.....)..
#..>....
....... ...


You could see a komodo dragon.

Vanquished Creatures
  A fire drake (D:10)
  Prince Ribbit (D:5)
  2 sharks (D:10)
  A hungry ghost (D:10)
  Menkaure (D:4)
  A porcupine (Lair:1)
  3 sky beasts (D:6)
  2 ice beasts
  3 ogres
  6 orc warriors
  3 centaurs
  10 crocodiles
  Blork the orc (D:6)
  3 giant frogs
  A water moccasin (Lair:1)
  A jellyfish (D:10)
  8 killer bees
  2 electric eels (D:10)
  7 crimson imps
  6 hounds
  2 goliath beetles
  A centaur zombie (D:9)
  5 jellies
  Crazy Yiuf (D:5)
  A centaur skeleton (D:4)
  6 orc priests
  3 big fish
  11 iguanas
  6 orc wizards
  A water moccasin skeleton (D:6)
  6 worker ants
  A crocodile zombie (D:10)
  2 ogre zombies (D:8)
  A big kobold zombie (Ossuary)
  A hound zombie (D:7)
  2 hound skeletons
  10 mummies (Ossuary)
  A lemure (D:8)
  11 adders
  A giant mite (D:8)
  An inept feature mimic (D:8)
  3 worms
  4 giant eyeballs
  7 giant geckos
  3 oozes
  32 orcs
  7 giant cockroaches
  3 gnoll zombies (Ossuary)
  11 goblins
  17 hobgoblins
  9 jackals
  9 quokkas
  4 training dummies (D:4)
  12 bats
  16 giant newts
  A giant spore (D:8)
  A hobgoblin skeleton (D:4)
  A hobgoblin zombie (Ossuary)
  7 kobolds
  A kobold skeleton (D:5)
  3 kobold zombies (Ossuary)
  A quokka zombie (D:6)
  12 rats
  A rat skeleton (D:6)
302 creatures vanquished.

Notes
Turn   | Place    | Note
--------------------------------------------------------------
     0 | D:1      | Kae, the Spriggan Enchanter, began the quest for the Orb.
     0 | D:1      | Reached XP level 1. HP: 9/9 MP: 4/4
   161 | D:1      | Reached XP level 2. HP: 5/13 MP: 7/7
   694 | D:1      | Learned a level 2 spell: Ensorcelled Hibernation
   756 | D:2      | Reached XP level 3. HP: 11/16 MP: 3/9
   761 | D:2      | Reached skill level 4 in Stealth
  1215 | D:2      | Found a blossoming altar of Fedhas.
  1225 | D:2      | Reached XP level 4. HP: 10/21 MP: 7/13
  1433 | D:2      | Noticed an oklob plant
  2049 | D:3      | Reached skill level 5 in Stealth
  2055 | D:3      | Reached XP level 5. HP: 24/24 MP: 8/16
  2236 | D:3      | Found a deep blue altar of Sif Muna.
  2247 | D:3      | Found an ancient bone altar of Kikubaaqudgha.
  2480 | D:3      | Noticed an ogre
  2484 | D:3      | Killed an ogre
  2484 | D:3      | Reached XP level 6. HP: 25/28 MP: 17/20
  2780 | D:3      | Reached skill level 6 in Stealth
  3075 | D:4      | Noticed Menkaure
  3109 | D:4      | Reached skill level 5 in Hexes
  3157 | D:4      | Found Qouxaal's Weapon Shop.
  3162 | D:4      | Found Vadumebb's Magic Scroll Emporium.
  3181 | D:4      | Bought a scroll of blinking for 66 gold pieces
  3277 | D:4      | Learned a level 3 spell: Confuse
  3724 | D:4      | Killed Menkaure
  3724 | D:4      | Reached skill level 7 in Stealth
  3724 | D:4      | Reached XP level 7. HP: 32/32 MP: 21/21
  3786 | D:5      | Entered Level 5 of the Dungeon
  3810 | D:5      | Noticed Prince Ribbit
  3812 | D:5      | Killed Prince Ribbit
  3812 | D:5      | Reached skill level 5 in Short Blades
  3812 | D:5      | Reached skill level 8 in Stealth
  4022 | D:5      | Noticed Crazy Yiuf
  4030 | D:5      | Killed Crazy Yiuf
  4593 | D:6      | Reached skill level 9 in Stealth
  4593 | D:6      | Reached skill level 5 in Spellcasting
  4593 | D:6      | Reached XP level 8. HP: 36/36 MP: 17/24
  4601 | D:6      | Noticed Grinder
  4628 | D:6      | Found a staircase to the Ecumenical Temple.
  4652 | D:6      | Found a sand-covered staircase.
  4766 | D:6      | Noticed Blork the orc
  4846 | Ossuary  | Entered an ossuary
  4856 | Ossuary  | Learned a level 6 spell: Invisibility
  5632 | D:6      | Killed Blork the orc
  5714 | D:6      | Reached skill level 10 in Stealth
  6364 | Temple   | Entered the Ecumenical Temple
  6592 | Temple   | Became a worshipper of Dithmengos
  6706 | D:7      | Paralysed by a giant eyeball for 3 turns
  6710 | D:7      | Reached XP level 9. HP: 22/39 MP: 19/26
  7126 | D:7      | Found Moseh's Armour Shoppe.
  7169 | D:7      | Reached skill level 11 in Stealth
  7511 | D:8      | Noticed an ice statue
  7561 | D:8      | Found a snail-covered altar of Cheibriados.
  8014 | D:8      | Acquired Dithmengos' first power
  8066 | D:8      | Identified the Reference Book on Enchantment (You found it on level 8 of the Dungeon)
  8071 | D:8      | Learned a level 3 spell: Flight
  8540 | D:9      | Paralysed by a giant eyeball for 2 turns
  8586 | D:9      | Reached skill level 12 in Stealth
  9686 | D:10     | Entered Level 10 of the Dungeon
  9700 | D:10     | Reached XP level 10. HP: 44/44 MP: 23/29
  9707 | D:10     | Found an ancient bone altar of Kikubaaqudgha.
  9786 | D:10     | Found a staircase to the Lair.
 10199 | D:10     | Acquired Dithmengos' second power
 10229 | D:10     | Reached skill level 13 in Stealth
 10243 | D:10     | Noticed a fire drake
 10528 | D:10     | Killed a fire drake
 10783 | D:10     | Acquired Dithmengos' third power
 10783 | D:10     | Reached skill level 10 in Short Blades
 10820 | Lair:1   | Entered Level 1 of the Lair of Beasts
 10835 | Lair:1   | Slain by a komodo dragon

Action                   |  1- 3 |  4- 6 |  7- 9 | 10-12 || total
-------------------------+-------+-------+-------+-------++-------
Melee: Dagger            |   166 |   167 |   338 |   119 ||   790
Throw: Dart              |       |       |     1 |       ||     1
 Cast: Ensorcelled Hiber |    10 |    30 |   123 |    71 ||   234
       Confuse           |       |     5 |    27 |     1 ||    33
       Invisibility      |       |       |       |     2 ||     2
Evoke: Wand              |       |       |     4 |     1 ||     5
  Use: Potion            |       |     2 |     1 |       ||     3
       Scroll            |       |     1 |    20 |       ||    21
 Stab: Sleeping          |    11 |    46 |   110 |    50 ||   217
       Confused          |       |       |    15 |     1 ||    16
